cohdb
Replays
Latest Replays
All Replays
Popular Replays
Top Player Replays
Match Explorer
How It Works
Community
CoH3 Stats
Reddit
Sign in to upload your games and track your stats! →
Sign in with Steam
Match 42223295
Unlisted
Match 42223295
Overview
Messages
Build Orders
End
Vickers Machine Gun Team
Construct Section Command Post
Selects Indian Artillery Battlegroup
Dingo Light Scout Car
Infantry Section
Infantry Section
Grenade Package
Selects Towed ML 4.2-inch Heavy Mortar
Towed ML 4.2-inch Heavy Mortar
Construct Platoon Command Post
Construct Company Command Post
Selects Valour
Unlock M3 Grant Medium Tanks
Selects Gurkha Rifles Section
Towed ML 4.2-inch Heavy Mortar
Selects Off-map Airburst Barrage
Infantry Training
Manganu
TriggerConroy
Judy
정환
wila
LittleFatty233
打精锐的李云龙!
滑落的照片让我变沉默
0
0
Comments
sign in to comment!
No comments posted yet!